Map: Deathaura LE

Players

Massa

  • Race: Terran Terran
  • League: Platinum
  • Spawn Location: 5:00

Gillesie - Winner!

  • Race: Terran Terran
  • League: Platinum
  • Spawn Location: 11:00

VOD

Have the link to the VOD?

Description

Time

  • Played on: Oct. 27, 2020, 2:43 p.m.
  • Length: 24:28
Show
View Real Time Build Order
Export as new Build Order

Massa Terran 

Build Orders: Reaper Expand 

Get SALT Encoding   

  12  0:00  SCV  
  13  0:16  Supply Depot  
  13  0:17  SCV  
  14  0:29  SCV  
  15  0:39  Barracks  
  15  0:41  SCV  
  16  0:51  Refinery  
  16  0:53  SCV  
  17  1:05  SCV  
  18  1:17  SCV  
  20  1:34  Orbital Command  
  19  1:43  Reaper  
  20  1:47  Command Center  
  20  1:59  SCV  
  21  2:14  SCV  
  22  2:15  Marine  
  23  2:23  Supply Depot  
  23  2:29  Factory  
  23  2:43  Barracks Reactor  
  23  2:44  SCV  
  23  2:45  Command Center  
  24  3:08  Orbital Command  
  24  3:17  Factory Reactor  
  24  3:23  Marine x2  
  26  3:27  SCV, Supply Depot  
  27  3:34  Engineering Bay  
  27  3:37  Starport  
  27  3:38  SCV  
  27  3:39  SCV  
  27  3:40  Refinery  
  27  3:41  Marine x2  
  31  3:59  Orbital Command  
  31  4:00  SCV x2  
  35  4:03  Hellion  
  35  4:04  Hellion  
  35  4:05  Marine  
  35  4:07  Marine  
  39  4:12  SCV x2  
  39  4:13  Medivac  
  43  4:23  Marine  
  46  4:24  SCV x2, Hellion  
  46  4:25  Marine  
  46  4:26  Hellion  
  51  4:31  Supply Depot  
  51  4:33  Missile Turret  
  51  4:37  Missile Turret  
  51  4:41  Marine  
  51  4:42  Marine  
  55  4:46  Hellion  
  55  4:57  SCV x3  
  55  4:59  Armory, Marine  
  61  5:00  Widow Mine  
  61  5:02  Marine  
  64  5:07  Widow Mine  
  64  5:09  SCV x3  
  67  5:21  SCV x2  
  61  5:38  Widow Mine x2  
  65  5:43  Marine x2  
  65  5:45  SCV  
  65  5:46  SCV x2  
  65  5:49  Refinery  
  70  5:51  Refinery  
  70  5:52  Terran Infantry Weapons Level 1  
  70  5:56  Engineering Bay  
  70  5:57  SCV  
  70  5:58  SCV x2  
  70  5:59  Widow Mine x2  
  70  6:01  Barracks  
  70  6:02  Barracks  
  77  6:06  Barracks  
  77  6:08  Supply Depot x2  
  77  6:11  Missile Turret  
  77  6:28  Marine x2  
  77  6:29  Liberator  
  77  6:30  Widow Mine  
  77  6:32  Supply Depot x2  
  82  6:43  Widow Mine  
  82  6:46  Marine x2  
  86  6:51  Widow Mine  
  88  7:04  Marine x2  
  88  7:07  Barracks Reactor, Barracks Tech Lab  
  88  7:08  Barracks Reactor  
  85  7:19  Orbital Command  
  85  7:22  Marine x2  
  87  7:23  Medivac  
  87  7:28  SCV x2  
  87  7:29  Stimpack  
  81  7:40  SCV x2, Marine x2  
  81  7:44  Starport, Marauder, Marine  
  87  7:45  Marine x3  
  91  7:52  SCV x2  
  91  7:53  Medivac  
  91  7:57  Marine x2  
  97  8:02  Marine x4  
  97  8:04  SCV x2  
  105  8:05  Marauder  
  105  8:09  Barracks  
  105  8:10  SCV  
  106  8:15  Marine x2  
  106  8:16  SCV  
  106  8:17  SCV  
  107  8:20  Sensor Tower, Marine x2  
  107  8:22  Missile Turret  
  109  8:30  Supply Depot  
  109  8:31  Supply Depot  
  109  8:32  Supply Depot  
  109  8:34  Supply Depot  
  109  8:43  Terran Infantry Armor Level 1  
  109  8:51  Terran Infantry Weapons Level 2, SCV x2, Marauder, Marine x2, Medivac  
  109  8:53  SCV, Marine x3  
  121  8:56  Supply Depot  
  121  8:57  Refinery, Supply Depot  
  121  8:59  Refinery  
  121  9:00  Starport Tech Lab  
  121  9:03  SCV x2, Marine  
  121  9:05  SCV  
  121  9:08  Combat Shield  
  121  9:09  Marine x2  
  127  9:10  Marine x3  
  127  9:13  Marauder  
  127  9:15  SCV  
  133  9:21  Marine  
  132  9:26  Marine x2  
  132  9:28  Marine  
  135  9:34  Marauder  
  137  9:56  Marauder  
  139  10:01  Command Center  
  139  10:02  Banshee  
  139  10:04  Cloaking Field  
  139  10:06  Starport Reactor  
  142  10:08  Command Center  
  142  10:09  Marine x6  
  148  10:17  Marauder  
  150  10:26  Marine  
  150  10:27  Marine x5  
  155  10:38  Marauder  
  156  10:43  Factory Tech Lab  
  156  10:47  Barracks  
  141  10:58  Marine x4  
  141  10:59  Marine  
  141  11:00  Marauder  
  131  11:16  Marine  
  131  11:17  Marine x5  
  115  11:21  Marauder  
  115  11:23  Siege Tank  
  115  11:26  Raven  
  98  11:34  Marine  
  98  11:35  Marine  
  98  11:37  Marine  
  98  11:38  Marine  
  86  11:42  Marauder  
  86  11:45  Viking x2  
  73  11:55  Marine  
  73  11:56  Marine, Siege Tank  
  73  11:57  Planetary Fortress  
  77  12:04  Marauder  
  79  12:09  Raven  
  79  12:11  Marine x4  
  79  12:13  Marine x2  
  79  12:15  Viking x2  
  91  12:25  Marauder  
  91  12:28  Orbital Command  
  91  12:29  Marine x4  
  97  12:31  Marine x2  
  97  12:33  Siege Tank  
  102  12:45  Viking x2  
  102  12:47  Marauder, Marine x2  
  102  12:48  Marine  
  102  12:49  Marine  
  108  13:04  Marine  
  108  13:05  Marine, Siege Tank  
  109  13:08  Marauder  
  95  13:15  Viking  
  87  13:27  Marine x4  
  87  13:29  Marauder  
  93  13:39  SCV x4  
  97  13:44  Marine  
  97  13:45  Marine x3  
  101  13:48  Starport  
  101  13:51  SCV, Marauder  
  101  13:52  SCV x3  
  107  14:02  Barracks, Marine  
  105  14:03  SCV, Barracks, Marine x3  
  105  14:04  SCV, Barracks x2  
  111  14:12  Marauder  
  111  14:20  Marine  
  111  14:21  Marine x3  
  111  14:23  Viking x2  
  107  14:34  Marauder  
  107  14:38  Marine x2  
  101  14:53  Barracks Reactor, Barracks Tech Lab, Viking x2  
  101  14:56  Marine  
  101  14:58  SCV  
  105  15:01  SCV  
  106  15:07  Siege Tank  
  106  15:10  SCV  
  106  15:13  SCV  
  104  15:22  SCV  
  104  15:23  Viking x2  
  104  15:25  SCV  
  110  15:34  Marauder, Marine x3  
  116  15:36  Concussive Shells  
  116  15:41  Marine  
  116  15:46  Supply Depot  
  116  15:47  Command Center  
  116  15:55  SCV, Marine  
  116  15:57  Viking  
  116  15:59  Marauder, Marine x2, Viking, Siege Tank  
  123  16:06  Missile Turret  
  123  16:07  SCV, Missile Turret  
  123  16:08  Orbital Command, Missile Turret x2  
  124  16:19  Barracks Tech Lab  
  124  16:20  Marine  
  124  16:21  Marauder, Marine x6  
  130  16:31  Siege Tank  
  103  16:38  Marine  
  103  16:39  Marine x6  
  108  16:51  Orbital Command  
  108  16:53  Viking  
  108  16:54  Viking  
  107  17:23  Viking  
  107  17:24  Orbital Command, Viking  
  111  17:30  Marine x3  
  111  17:31  Marine  
  111  17:33  Barracks Tech Lab x2  
  111  17:34  Marine x2  
  102  17:48  Marine x2  
  102  17:49  SCV  
  109  18:02  Liberator x2  
  107  18:23  Marauder  
  107  18:24  Marauder, Marine  
  107  18:25  Marine x5  
  117  18:42  Marine  
  117  18:44  Liberator  
  117  18:45  Marauder  
  117  18:46  Marauder  
  123  18:50  Liberator  
  123  19:06  Marauder  
  123  19:07  Marauder  
  123  19:08  SCV  
  124  19:44  SCV  
  123  19:50  Marine  
  124  20:00  Command Center  
  124  20:08  Orbital Command  
  123  20:46  Terran Infantry Armor Level 2  
  123  20:58  Supply Depot  
  123  21:17  Marauder x2  
  124  21:19  Liberator  
  108  22:01  Orbital Command  
  108  22:17  Refinery  
  108  22:26  Marauder  
  108  22:27  Liberator  
  108  22:28  Liberator  
  109  22:36  Orbital Command  
  107  22:56  Siege Tank  
  98  23:28  Siege Tank  
  98  23:34  SCV x3  
  104  23:46  SCV x2  
Show
View Real Time Build Order
Export as new Build Order

Gillesie Terran - Winner!

Build Orders:  

Get SALT Encoding   

  12  0:00  SCV  
  13  0:12  SCV  
  14  0:19  Supply Depot  
  14  0:24  SCV  
  15  0:40  SCV  
  15  0:42  Barracks  
  16  0:45  Refinery  
  16  0:52  SCV  
  17  1:05  SCV  
  18  1:17  SCV  
  19  1:29  SCV  
  20  1:35  Command Center  
  20  1:39  Reaper  
  21  1:43  SCV  
  22  2:01  Orbital Command, Supply Depot  
  22  2:16  Factory  
  22  2:28  SCV  
  22  2:29  Barracks Tech Lab  
  22  2:43  SCV  
  23  2:48  Barracks  
  23  2:55  SCV  
  25  3:05  SCV  
  25  3:07  Marine  
  25  3:10  Factory Tech Lab  
  25  3:12  SCV  
  26  3:20  Orbital Command  
  26  3:21  Refinery  
  26  3:25  SCV, Marine  
  28  3:31  Starport  
  28  3:37  Refinery, Barracks Reactor, SCV  
  29  3:43  Marine  
  29  3:47  Supply Depot  
  30  4:00  SCV, Marine  
  30  4:02  Siege Tank  
  35  4:03  SCV  
  36  4:11  Starport Reactor  
  36  4:12  SCV  
  36  4:14  Marine x2  
  36  4:15  SCV  
  40  4:18  Marine  
  41  4:24  SCV  
  41  4:27  SCV  
  41  4:30  Refinery  
  43  4:35  Engineering Bay  
  43  4:36  Stimpack  
  43  4:37  SCV  
  43  4:38  Marine x2  
  44  4:39  SCV  
  44  4:42  Siege Tank  
  50  4:49  SCV  
  50  4:51  SCV  
  52  5:01  SCV  
  52  5:03  SCV  
  54  5:09  Missile Turret  
  54  5:18  Missile Turret  
  54  5:21  Supply Depot x2  
  54  5:23  SCV  
  54  5:28  SCV  
  53  5:35  SCV  
  54  5:42  Viking x2  
  58  5:47  Marine x2  
  60  5:52  Siege Tank  
  60  5:53  SCV  
  64  5:59  SCV  
  64  6:03  Marine  
  66  6:05  SCV, Marine  
  68  6:12  Medivac x2  
  68  6:13  Marine  
  68  6:15  SCV  
  74  6:20  Terran Infantry Weapons Level 1  
  74  6:21  Marine  
  74  6:23  Marine  
  74  6:24  Engineering Bay  
  74  6:25  Command Center  
  76  6:28  Factory  
  76  6:31  Marine, Supply Depot  
  76  6:32  Supply Depot  
  77  6:39  Marine  
  78  6:45  Supply Depot  
  78  6:52  Marine  
  78  6:53  Siege Tank  
  66  7:38  Marine x2  
  66  7:40  Viking x2  
  66  7:41  Orbital Command  
  72  7:44  SCV x2  
  72  7:45  Refinery  
  72  7:47  Marine  
  75  7:52  Siege Tank  
  75  7:55  Marine  
  75  7:56  SCV  
  75  7:58  Factory Tech Lab  
  80  8:05  Command Center  
  75  8:27  Medivac  
  75  8:29  Viking  
  75  8:30  Siege Tank x2  
  75  8:31  Marine x3  
  75  8:32  SCV  
  75  8:33  SCV  
  90  8:41  Terran Infantry Armor Level 1  
  90  8:44  SCV, Armory  
  91  8:50  SCV x2  
  91  8:55  Barracks x2  
  93  8:56  Marauder, Marine x2  
  93  8:58  Combat Shield  
  93  8:59  SCV  
  93  9:02  SCV, Supply Depot  
  99  9:07  Supply Depot  
  99  9:08  Siege Tank x2  
  99  9:09  Supply Depot  
  105  9:14  Marine x2  
  107  9:17  Viking  
  108  9:40  SCV x2, Supply Depot, Siege Tank x2  
  108  9:42  Refinery  
  108  9:44  Viking  
  108  9:45  Marine x3  
  119  9:47  Viking  
  119  9:49  Barracks Reactor x2  
  122  9:55  SCV  
  123  10:03  Marine x2  
  125  10:12  Siege Tank x2  
  131  10:14  Viking  
  131  10:16  Marine  
  131  10:21  Marine x2  
  136  10:44  Siege Tank x2  
  109  11:20  SCV x4  
  108  11:39  Marine x2  
  111  11:40  Marauder  
  110  11:57  Marine x3  
  110  11:58  SCV x2  
  110  11:59  Orbital Command  
  110  12:01  Marauder  
  117  12:02  Viking x2, Siege Tank x2  
  117  12:03  Marine x2  
  117  12:04  Marine  
  117  12:07  Refinery  
  130  12:10  Refinery  
  130  12:22  Marauder  
  132  12:24  Marine x2  
  132  12:25  Marine x3  
  132  12:26  Marine  
  138  12:44  Marauder  
  140  12:46  Marine x4  
  144  12:55  Marine x2  
  144  12:58  Viking, Siege Tank x2  
  150  12:59  Viking  
  150  13:01  SCV x2  
  150  13:03  SCV x2  
  150  13:04  Marine x4  
  150  13:05  Marauder, Terran Infantry Weapons Level 2  
  162  13:06  Terran Infantry Armor Level 2  
  152  13:13  Marine x2  
  148  13:26  Marauder  
  147  13:30  Siege Tank x2  
  147  13:34  Marine x4  
  153  13:37  SCV  
  158  13:44  SCV x2  
  158  13:46  SCV  
  158  13:48  Marauder  
  163  13:49  SCV  
  164  14:09  Marauder  
  155  14:31  Marauder  
  149  14:46  Marine  
  149  14:47  Marine x4  
  149  14:48  Viking, Siege Tank x2  
  149  14:49  Viking  
  149  14:52  Marauder  
  157  15:01  Marine  
  157  15:04  Marine x2  
  160  15:13  Marauder  
  158  15:18  Viking  
  159  15:29  SCV  
  159  15:30  SCV  
  161  15:36  SCV x2  
  161  15:38  Marauder, Marine x3  
  161  15:39  Viking  
  161  15:40  Siege Tank  
  161  15:41  Siege Tank  
  174  15:48  Viking  
  170  16:00  Marauder  
  133  16:33  Marauder, Marine x2  
  137  16:42  Marine x2  
  129  16:49  Marine  
  129  16:50  Marine  
  129  16:51  Marine  
  132  16:55  Marauder, Marine  
  132  17:00  Marine x2  
  137  17:07  Marine  
  131  17:16  Marauder  
  128  17:28  Marine x4  
  128  17:29  Marine, Siege Tank  
  135  17:30  Siege Tank  
  135  17:36  SCV  
  134  17:38  Marauder  
  136  17:49  Command Center  
  135  17:59  Marauder  
  135  18:01  Siege Tank  
  135  18:02  Siege Tank  
  135  18:03  Marine x2  
  135  18:04  Marine x2  
  146  18:12  Marine  
  146  18:13  Marine  
  145  18:20  Marauder  
  145  18:21  Marine x2  
  148  18:30  SCV  
  148  18:31  SCV  
  148  18:34  Siege Tank  
  150  18:42  Marauder  
  151  19:08  Marine x3  
  154  19:12  Missile Turret  
  154  19:14  Orbital Command  
  152  19:17  Marine  
  152  19:18  Marine  
  152  19:24  Missile Turret  
  148  19:25  Marine  
  148  19:26  Marauder, Marine x2  
  148  19:27  SCV x3  
  150  19:36  Viking x2  
  150  19:38  SCV  
  152  19:39  SCV  
  152  19:41  Starport  
  152  19:43  Starport  
  152  19:44  Starport  
  152  19:45  Starport  
  139  20:06  Thor x2, Viking x2  
  152  20:07  Marine x2  
  152  20:08  Marine x3  
  152  20:09  Marine  
  152  20:36  Viking x2  
  152  20:40  Starport Reactor x3  
  148  20:44  SCV  
  148  20:45  Starport Reactor  
  149  20:53  SCV  
  149  20:54  SCV  
  149  20:56  SCV  
  152  21:06  Viking x2  
  152  21:09  Marauder, Marine x2  
  160  21:20  Sensor Tower  
  158  21:30  Marauder  
  158  21:31  Sensor Tower  
  160  21:36  Viking x2  
  160  21:37  Sensor Tower  
  160  21:39  Marine x2  
  165  21:40  Marine x4  
  165  21:43  Sensor Tower  
  168  21:52  Marauder  
  165  21:57  Viking x4  
  165  21:58  Viking x4  
  181  22:06  Viking x2  
  173  22:27  Viking x2  
  168  22:33  Marine  
  168  22:34  Marauder, Marine x4  
  168  22:35  Viking  
  168  22:36  Viking x7  
  190  22:46  Marine  
  191  22:51  Marine x3  
  191  22:52  Marine  
  195  23:14  Viking  
  195  23:22  Marauder  
  195  23:23  Marine x2, Viking  
  195  23:25  Viking  
  195  23:33  Marine x2  
Tags
 
Matchup
TvT
Race
Terran
Replay Pack
Multiplayer
Spawn Locations
Cross Positions
Add a new tag
Caveats
  • Supply blocks, unpowered buildings, or Contaminate may cause inaccurate times.
  • Supply counts are checked every 10 seconds.